 Dungeon Crawl Stone Soup version 0.30-a0-4-ga7cffc901d (webtiles) character file.

Game seed: 2984668751511138282

1475 bearlyready the Trooper (level 8, 0/70 HPs)
             Began as a Ghoul Hunter on Aug 20, 2022.
             Was an Initiate of Cheibriados.
             Splashed by a jelly's acid (7 damage)
             ... on level 7 of the Dungeon.
             The game lasted 00:15:38 (6146 turns).

bearlyready the Trooper (Ghoul Hunter)              Turns: 6146, Time: 00:15:39

Health: 0/70       AC: -11   Str: 18    XL:     8   Next: 78%
Magic:  7/7        EV: 11    Int:  5    God:    Cheibriados [......]
Gold:   277        SH:  0    Dex: 13    Spells: 7/7 levels left

rFire   + . .      SeeInvis .    b - +6 shillelagh "Devastator" {shatter}
rCold   + . .      Faith    +    (no shield)
rNeg    + + +      Spirit   .    c - +0 leather armour
rPois   ∞          Reflect  .    D - +0 helmet
rElec   .          Harm     .    (no cloak)
rCorr   .          Rampage  .    (no gloves)
Will    +....                    (no boots)
Stlth   +.........               d - amulet of faith
HPRegen 0.00/turn                o - ring of protection from fire
MPRegen 0.10/turn                m - ring of willpower

@: corroded, inhibited regen, very slow
A: claws 1, cold resistance 1, negative energy resistance 3, inhibited
regeneration, torment resistance 2, devour on kill
a: Renounce Religion


You were on level 7 of the Dungeon.
You worshipped Cheibriados.
Cheibriados was noncommittal.
You visited 1 branch of the dungeon, and saw 6 of its levels.
You also visited: Bailey.

You collected 277 gold pieces.

Inventory:

Hand Weapons
 a - a +0 shortbow
 b - the +6 shillelagh "Devastator" (weapon) {shatter}
   (You found it on level 7 of the Dungeon)

   It releases a powerful concussive burst when it strikes, dealing extra damage
   to the target and all other foes adjacent to them.
 f - a +0 dagger
 s - a +3 whip
 t - the +3 mace of Cam Coq {vorpal, Int+2}
   (You found it on level 3 of the Dungeon)

   It inflicts extra damage upon your enemies.
   Int:       It affects your intelligence (+2).
 y - a +0 broad axe
 B - a +0 dagger of flaming
 G - a +0 morningstar
 M - a +0 dagger of venom
Missiles
 e - 78 stones
 q - 16 poisoned darts (quivered)
 r - 2 atropa-tipped darts
 H - 3 boomerangs
 N - 2 datura-tipped darts
 P - a throwing net
Armour
 c - a +0 leather armour (worn)
 D - a +0 helmet (worn)
 K - a +0 scale mail
Jewellery
 d - an amulet of faith (around neck)
 m - a ring of willpower (right claw)
 o - a ring of protection from fire (left claw)
 A - a ring of resist corrosion
 I - a +6 ring of intelligence
Wands
 w - a wand of flame (12)
 x - a wand of charming (2)
Scrolls
 g - 3 scrolls of amnesia {unknown}
 h - a scroll of immolation
 i - 3 scrolls of vulnerability
 p - a scroll of acquirement {unknown}
 v - 2 scrolls of enchant armour
 z - a scroll of noise {unknown}
 E - a scroll of blinking {unknown}
 F - a scroll of torment {unknown}
 L - 2 scrolls of summoning {unknown}
 O - 2 scrolls of identify
Potions
 j - a potion of berserk rage
 k - 2 potions of heal wounds
 l - a potion of flight {unknown}
 n - a potion of lignification {unknown}
 u - a potion of brilliance
 C - a potion of resistance {unknown}
 J - a potion of attraction {unknown}


   Skills:
 - Level 6.2 Fighting
 + Level 5.9 Maces & Flails
 - Level 6.0 Ranged Weapons
 - Level 2.1 Armour
 - Level 1.7 Dodging
 - Level 1.1 Stealth
 + Level 1.0 Invocations
 - Level 1.2 Evocations


You had 7 spell levels left.
You didn't know any spells.
Your spell library contained the following spells:

 Spells                   Type           Power      Damage    Failure   Level
 Gell's Gravitas          Tloc           0%         N/A       88%         3
 Summon Guardian Golem    Hex/Summ       0%         N/A       88%         3
 Teleport Other           Tloc           0%         N/A       88%         3
 Dispersal                Tloc           0%         N/A       100%        6
 Orb of Destruction       Conj           0%         9d5       100%        7
 Spellforged Servitor     Conj/Summ      0%         N/A       100%        7


Dungeon Overview and Level Annotations

Branches:
Dungeon (7/15)             Bailey (visited)
 Temple: D:4-7

Altars:
Cheibriados
Vehumet
Wu Jian
Xom

Shops:
D:7 :


Innate Abilities, Weirdness & Mutations

You are immune to poison.
You have sharp fingernails.
Your flesh is cold resistant. (rC+)
You are immune to negative energy. (rN+++)
You do not regenerate when monsters are visible.
You are immune to unholy pain and torment.
You thrive by killing the living.


Message History

You see here a +0 flail.
A gnoll bouda comes into view. It is wielding a +0 club.
You strike the helpless gnoll bouda from behind!
You sock the gnoll bouda!
The gnoll bouda shudders.
You kill the gnoll bouda!
Cheibriados appreciates the change of pace.
You feel better.
Your Invocations skill increases to level 1!
A jelly and 2 gnolls come into view.
The jelly quivers.
The gnoll shouts!
The gnoll moves out of view. x2
Items here: ( )) [.
Okay, then.
Throw: 17 darts (poison)
Press: ? - help, Q - select action, (/) - cycle Shift-Dir - straight line, f - jelly
Aim: a jelly (90% to hit)
You throw a poisoned dart. The poisoned dart hits the jelly.
You thump the jelly!
The jelly shudders.
The jelly is severely wounded.
The acid corrodes you!
Your claws burn!
You claw the jelly, but do no damage.
The jelly is severely wounded.
The jelly hits you. The acid corrodes you!
You are splashed with acid!
You barely miss the jelly.
The jelly is severely wounded.
The jelly hits you.
You are splashed with acid!
You hit the jelly but do no damage.
Your claws burn!
* * * LOW HITPOINT WARNING * * *
The jelly is severely wounded.
The jelly hits you.
* * * LOW HITPOINT WARNING * * *
The acid corrodes you!
You are splashed with acid!
* * * LOW HITPOINT WARNING * * *
You hit the jelly but do no damage. The acid corrodes you!
Your claws burn!
* * * LOW HITPOINT WARNING * * *
The jelly is severely wounded.
The jelly hits you.
* * * LOW HITPOINT WARNING * * *
The acid corrodes you!
You are splashed with acid!
You die...

##....##.........#
##h##
####.##.........#
#.## #..# #.##
##.## #..# #..#
#... ##.# #...
#.### #... #)).##
#... ###@.# #...
#gJ......# .....
#g##....... .#...
#. #...... ..#...
. ...... #.. ..
###### #.. .. ...


You could see a jelly and 2 gnolls.

Vanquished Creatures
  Edmund (D:4)
  2 water moccasins (D:7)
  A black bear (D:7)
  3 phantoms
  A centaur (D:6)
  A kobold brigand (D:7)
  3 howler monkeys (D:7)
  A jelly (D:7)
  2 gnoll boudas
  An orc priest (D:6)
  2 iguanas (D:7)
  6 orc wizards
  11 gnolls
  3 adders
  A shadow imp (D:7)
  2 white imps (D:6)
  An ufetubus (D:6)
  2 worms (D:2)
  21 orcs
  4 endoplasms
  6 giant cockroaches
  4 goblins
  7 hobgoblins
  6 jackals
  A quokka (D:1)
  3 ball pythons
  7 bats
  2 frilled lizards
  10 kobolds
  2 rats
117 creatures vanquished.

Notes
Turn   | Place    | Note
-------+----------+-------------------------------------------
     0 | D:1      | bearlyready the Ghoul Hunter began the quest for the Orb.
     0 | D:1      | Reached XP level 1. HP: 17/17 MP: 0/0
   432 | D:1      | Reached XP level 2. HP: 25/25 MP: 1/1
   539 | D:1      | Found a faded altar of an unknown god.
   899 | D:2      | Reached XP level 3. HP: 31/31 MP: 2/2
  1118 | D:2      | Reached XP level 4. HP: 20/38 MP: 3/3
  1610 | D:2      | Found a shimmering altar of Xom.
  2178 | D:3      | Identified the +3 mace of Cam Coq {vorpal, Int+2}
  2662 | D:3      | Reached XP level 5. HP: 38/46 MP: 4/4
  2666 | D:3      | Reached skill level 5 in Ranged Weapons
  2735 | D:4      | Noticed a phantom
  2751 | D:4      | Killed a phantom
  3000 | D:4      | Noticed Edmund
  3047 | D:4      | Killed Edmund
  3048 | D:4      | Reached XP level 6. HP: 22/55 MP: 5/5
  3275 | D:4      | Reached skill level 5 in Fighting
  3323 | D:4      | You fall into a shaft and drop 2 floors!
  3419 | D:6      | Reached skill level 1 in Evocations
  3637 | D:6      | Reached XP level 7. HP: 61/61 MP: 6/6
  4214 | D:6      | Reached skill level 1 in Maces & Flails
  4214 | D:6      | Reached skill level 1 in Armour
  4396 | D:6      | Found a radiant altar of Vehumet.
  5062 | D:6      | Found an ornate altar of the Wu Jian Council.
  5284 | D:7      | Found the +6 shillelagh "Devastator" {shatter}
  5298 | D:7      | HP: 2/63 [acid (10)]
  5415 | D:7      | Reached XP level 8. HP: 54/70 MP: 7/7
  5415 | D:7      | Found a flagged portal.
  5454 | Bailey   | Entered a bailey
  5802 | D:7      | Found Ciwnom's Self-Improvement Boutique.
  5900 | D:7      | Reached skill level 5 in Maces & Flails
  6030 | D:7      | Found a snail-covered altar of Cheibriados.
  6041 | D:7      | Became a worshipper of Cheibriados the Contemplative
  6141 | D:7      | Reached skill level 1 in Invocations
  6146 | D:7      | Splashed by a jelly's acid

Illustrated notes

Levels and vault maps discovered:
D:1:      dpeg_arrival_long_road, layout_loops_cross,
          ebering_ecumenical_altar_sacrificial
D:2:      layout_loops_ring, basic_altar
D:3:      layout_basic
D:4:      layout_basic, kennysheep_mini_moat, mainiacjoe_overflow_brackets,
          minmay_temple_entry_large_hall, ebering_ghost_inner_flame,
          minmay_misc_feat_chi, minmay_distorted, uniq_edmund
D:6:      layout_rooms, fiery_altar_vehumet, general_overflow_altar,
          nicolae_benzene_ring
D:7:      layout_rooms, cheibriados_altar_1, enter_bailey_8,
          nicolae_shop_self_help

Skill      XL: |  1  2  3  4  5  6  7  8 |
---------------+-------------------------+-----
Ranged Weapons | 4 5 6 |  6.0
Fighting       | 3 4 5 6 |  6.2
Evocations     | 1 |  1.2
Maces & Flails | 2 5 |  5.9
Armour         | 2 |  2.1
Invocations    | 1 |  1.0
Dodging        | |  1.7
Stealth        | |  1.1

Action                   |  1- 3 |  4- 6 |  7- 9 || total
-------------------------+-------+-------+-------++-------
Melee: Dagger            |       |    42 |    74 ||   116
       Mace              |       |     9 |    20 ||    29
       Whip              |       |       |     6 ||     6
       Shillelagh        |       |       |    46 ||    46
       Punch             |       |       |     2 ||     2
       Shortbow          |       |       |     1 ||     1
 Fire: Shortbow          |    80 |   174 |    49 ||   303
Throw: Dart              |       |       |     1 ||     1
Evoke: Wand              |       |       |     2 ||     2
  Use: Scroll            |       |     2 |     4 ||     6
       Potion            |       |       |     1 ||     1
 Stab: Distracted        |       |       |     1 ||     1
Armor: Leather armour    |    12 |    33 |    40 ||    85
Dodge: Dodged            |    18 |    73 |    93 ||   184

Table legend: (Time is in decaauts)
 A = Elapsed time spent in this place.
 B = Non-inter-level travel time spent in this place.
 C = Inter-level travel time spent in this place.
 D = Time resting spent in this place.
 E = Time spent auto-exploring this place.
 F = Levels seen in this place.
 G = Mean time per level.
                   A        B        C        D        E       F      G
               +--------+--------+--------+--------+--------+-----+--------+
         Total |   6250 |   6074 |    176 |    297 |   4601 |   7 |  892.9 |
       Dungeon |   6219 |   6043 |    176 |    297 |   4601 |   6 | 1036.5 |
        Bailey |     31 |     31 |      0 |      0 |      0 |   1 |   31.0 |
               +--------+--------+--------+--------+--------+-----+--------+

Top non-repeatable levels by time:
     D:6: 2022 daAuts
     D:2: 999 daAuts
     D:3: 925 daAuts
     D:1: 865 daAuts
     D:7: 808 daAuts
     D:4: 598 daAuts
  Bailey: 31 daAuts
